 Dungeon Crawl Stone Soup version 0.20-a0-1116-gaa52201 (webtiles) character file.

16 MydosGodOfBeginnings the Grave Robber (level 2, 0/19 (20) HPs)
             Began as a Ghoul Necromancer on May 7, 2017.
             Slain by a hobgoblin
             ... wielding a +0 mace
              (7 damage)
             ... on level 1 of the Dungeon.
             The game lasted 00:02:55 (609 turns).

MydosGodOfBeginnings the Grave Robber (GhNe)         Turns: 609, Time: 00:02:56

HP:   0/19 (20)     AC:  2    Str: 11    XL:     2   Next: 58%
MP:   2/12          EV: 12    Int: 10    God:
Gold: 22            SH:  0    Dex:  9    Spells: 2/4 levels left

rFire    . . .     SeeInvis .   (no weapon)
rCold    + . .     Gourm    .   (no shield)
rNeg     + + +     Faith    .   a - +0 robe
rPois    ∞         Spirit   .   (no helmet)
rElec    .         Reflect  .   (no cloak)
rCorr    .         Harm     .   (no gloves)
MR       .....                  (no boots)
Stlth    ++........             (no amulet)
Regen    0.0/turn               e - ring of magical power
MPRegen  0.2/turn               (no ring)

@: rotting
A: rotting body, claws 1, carnivore 3, cold resistance 1, negative energy
resistance 3, inhibited regeneration, torment resistance, unbreathing
a: no special abilities


You were on level 1 of the Dungeon.
You were not hungry.

You visited 1 branch of the dungeon, and saw 1 of its levels.

You collected 22 gold pieces.

Inventory:

Armour
 a - a +0 robe (worn)
Jewellery
 e - a ring of magical power (left claw)
Potions
 d - a potion of agility {unknown}
Books
 b - a book of Necromancy

   Spells                             Type                      Level
   a - Pain                           Necromancy                   1
   b - Animate Skeleton               Necromancy                   1
   c - Vampiric Draining              Necromancy                   3
   d - Regeneration                   Charms/Necromancy            3
   e - Animate Dead                   Necromancy                   4
   f - Control Undead                 Necromancy                   4
Comestibles
 c - 2 meat rations


   Skills:
 + Level 2.0 Dodging
 - Level 2.1 Stealth
 + Level 1.8 Spellcasting
 + Level 4.5 Necromancy


You had 2 spell levels left.
You knew the following spells:

 Your Spells              Type           Power        Failure   Level  Hunger
a - Pain                  Necr           #...         4%          1    ##.....
b - Animate Skeleton      Necr           N/A          4%          1    ##.....


Dungeon Overview and Level Annotations

Branches:
Dungeon (1/15)

Altars:


Innate Abilities, Weirdness & Mutations

Your body is rotting away.
You thrive on raw meat.
You are immune to poison.
You have sharp fingernails.
You are carnivorous and can eat meat at any time.
Your flesh is cold resistant. (rC+)
You are immune to negative energy. (rN+++)
You do not regenerate when monsters are visible.
You are immune to unholy pain and torment.
You can survive without breathing.


Message History

The ball python closely misses you. The ball python constricts you.
Your magical contamination has completely faded away.
You closely miss the ball python.
The ball python is severely wounded.
The ball python bites you but does no damage.
The ball python constricts you. The ball python closely misses you.
The ball python constricts you.
You barely miss the ball python.
The ball python is severely wounded.
The ball python bites you but does no damage.
The ball python constricts you.
You closely miss the ball python.
The ball python is severely wounded.
The ball python bites you. The ball python constricts you.
You scratch the ball python.
You kill the ball python!
Your Dodging skill increases to level 2!
The hobgoblin throws a stone.
The stone barely misses you. The hobgoblin hits you with a mace!
You die...

##. .). #.. #.#
..## #.. #
#.##.# #g...#
############
#@####
#..........#
#.####
#..........#
#(...#
#..........#
###.##
#..........#
#.#
##..........#
#.#
............###
#.#######
##...Z......#.#
#.......#
...#.##.......#
#######.#


You could see a hobgoblin.

Vanquished Creatures
  A dart slug (D:1)
  2 ball pythons (D:1)
  2 bats (D:1)
  2 giant cockroaches (D:1)
  2 goblins (D:1)
  A kobold (D:1)
  2 rats (D:1)
12 creatures vanquished.

Vanquished Creatures (collateral kills)
  A dart slug (D:1)
1 creature vanquished.

Grand Total: 13 creatures vanquished

Notes
Turn   | Place    | Note
-------+----------+-------------------------------------------
     0 | D:1      | MydosGodOfBeginnings the Ghoul Necromancer began the quest for the Orb.
     0 | D:1      | Reached XP level 1. HP: 14/14 MP: 2/2
    46 | D:1      | Learned a level 1 spell: Animate Skeleton
   345 | D:1      | Reached XP level 2. HP: 16/20 MP: 0/3
   609 | D:1      | Slain by a hobgoblin

Vault maps used:
D:1:      dpeg_arrival_three_same_balls, minmay_tetromino_o4

Skill      XL: |  1  2 |
---------------+-------+-----
Dodging        | 2 |  2.0
Stealth        | |  2.1
Spellcasting   | |  1.8
Necromancy     | |  4.5

Action                   || total
-------------------------++-------
Melee: Unarmed           ||    20
 Cast: Pain              ||    24
       Animate Skeleton  ||     4
Armor: Robe              ||     8
Dodge: Dodged            ||    17
